 Dungeon Sprint DCSS version 0.27.0-1-g7a089689b8 (webtiles) character file.

Game seed: 13314024081291559551

730 Groucho the Unseen (level 7, -2/32 HPs)
             Began as a Spriggan Enchanter on Aug 2, 2021.
             Was an Initiate of Dithmenos.
             Slain by a chaos spawn (11 damage)
             ... summoned by a kobold demonologist
             ... in the Dungeon (Sprint I: "Red Sonja").
             The game lasted 00:02:23 (611 turns).

Groucho the Unseen (Spriggan Enchanter)              Turns: 611, Time: 00:02:23

Health: -2/32      AC:  2    Str:  6    XL:     7   Next: 44%
Magic:  12/21      EV: 17    Int: 16    God:    Dithmenos [......]
Gold:   405        SH:  0    Dex: 16    Spells: 19/25 levels left

rFire    . . .     SeeInvis +   a - +1 dagger
rCold    . . .     Faith    .   (shield restricted)
rNeg     . . .     Spirit   .   b - +0 robe
rPois    .         Reflect  .   (helmet restricted)
rElec    .         Harm     .   (no cloak)
rCorr    .         Rampage  .   (gloves unavailable)
Will     +....     NoTele   +   (boots unavailable)
Stlth    +++++++...             (no amulet)
HPRegen  0.10/turn              (no ring)
MPRegen  0.17/turn              (no ring)

@: mighty, very slightly contaminated, hasted, invisible, very quick
A: very small, no large weapons, unfitting armour, see invisible, speed 3
a: Renounce Religion


You were in the Dungeon.
You worshipped Dithmenos.
Dithmenos was noncommittal.
You visited 1 branch You collected 405 gold pieces.

Inventory:

Hand Weapons
 a - a +1 dagger (weapon)
Armour
 b - a +0 robe (worn)
Wands
 g - a wand of digging (7)
 j - a wand of polymorph (1)
Scrolls
 h - a scroll of blinking
Potions
 c - a potion of curing
 f - 2 potions of magic
 i - a potion of degeneration {unknown}


   Skills:
 - Level 1.1 Short Blades
 - Level 2.6 Dodging
 + Level 17.6 Stealth
 + Level 9.7 Spellcasting
 + Level 10.0 Hexes


You had 19 spell levels left.
You knew the following spells:

 Your Spells              Type           Power      Damage    Failure   Level
a - Corona                Hex            44%        N/A       1%          1
b - Ensorcelled Hibernat  Hex/Ice        46%        N/A       1%          2
c - Confusing Touch       Hex            40%        N/A       1%          3

Your spell library contained the following spells:

 Spells                   Type           Power      Damage    Failure   Level
 Tukima's Dance           Hex            40%        N/A       1%          3
 Dazzling Flash           Conj/Hex       46%        N/A       3%          3


Dungeon Overview and Level Annotations

Branches:
Dungeon (1/1)

Altars:
Cheibriados
Dithmenos
Elyvilon
Fedhas
Gozag
Hepliaklqana
Kikubaaqudgha
Makhleb
Nemelex Xobeh
Okawaru
Qazlal
Ru
Sif Muna
Trog
Uskayaw
Vehumet
Wu Jian
Xom
Yredelemnul
Zin
The Shining One
Jiyva
Lugonu

Shops:
D [


Innate Abilities, Weirdness & Mutations

You are very small and have problems with some larger weapons.
You are too small for most types of armour.
You have supernaturally acute eyesight. (SInv)
You cover ground extremely quickly. (Speed+++)


Message History

The kobold demonologist is moderately wounded.
The kobold demonologist closely misses you.
You hit the kobold demonologist but do no damage.
The kobold demonologist is moderately wounded.
The chaos spawn hits you! The chaos spawn freezes you!
* * * LOW HITPOINT WARNING * * *
The kobold demonologist hits the kobold demonologist with a +0 dagger!
You are too injured to fight recklessly!
You are too injured to fight recklessly!
You are too injured to fight recklessly!
Unknown command.
You feel much better. The chaos spawn gores you!
You resist with almost no effort.
Unknown command.
You hit the kobold demonologist but do no damage.
The kobold demonologist appears confused.
The kobold demonologist is moderately wounded.
The chaos spawn closely misses you.
There is an open door here.
The kobold demonologist hits the kobold demonologist with a +0 dagger.
You hit the kobold demonologist but do no damage.
The kobold demonologist is moderately wounded.
The kobold demonologist barely misses you.
You closely miss the kobold demonologist.
The kobold demonologist is moderately wounded.
Unknown command.
You puncture the kobold demonologist!
The kobold demonologist is heavily wounded.
The chaos spawn gores you!
* * * LOW HITPOINT WARNING * * *
You fade into invisibility!
You are very lightly contaminated with residual magic.
The kobold demonologist misses you.
The kobold demonologist hits the chaos spawn with a +0 dagger.
The kobold demonologist hits itself with a +0 dagger.
Unknown command.
You hit the kobold demonologist.
The kobold demonologist is severely wounded.
The chaos spawn gores you!
You die...

####################
'..#.)'..#__#..'@K.#
#.)'..#..'..'..#4K.#
##+#####'#__####...+
#..#...#)#### #####
####..##(#
___##'#_.+
∩...'..._#
.__##_.#'#
___###+#(#


You could see 2 kobold demonologists and a chaos spawn (summoned).

Vanquished Creatures
  A slime creature (D)
  Sigmund (D)
  A yak (D)
  A floating eye (D)
  An ogre (D)
  A jelly (D)
  Ijyb (D)
7 creatures vanquished.

Notes
Turn   | Place    | Note
-------+----------+-------------------------------------------
     0 | D        | Groucho the Spriggan Enchanter began the quest for the Orb.
     0 | D        | Reached XP level 1. HP: 9/9 MP: 5/5
     2 | D        | Noticed Ijyb
    12 | D        | Killed Ijyb
    13 | D        | Reached skill level 10 in Stealth
    13 | D        | Reached XP level 2. HP: 13/13 MP: 6/6
   307 | D        | Noticed an ogre
   309 | D        | Killed an ogre
   310 | D        | Reached skill level 14 in Stealth
   310 | D        | Reached XP level 3. HP: 16/16 MP: 8/8
   310 | D        | Reached XP level 4. HP: 21/21 MP: 9/9
   326 | D        | Learned a level 2 spell: Ensorcelled Hibernation
   330 | D        | Learned a level 3 spell: Confusing Touch
   331 | D        | Noticed Sigmund
   333 | D        | Killed Sigmund
   334 | D        | Reached skill level 15 in Stealth
   334 | D        | Reached XP level 5. HP: 24/24 MP: 9/14
   334 | D        | Reached XP level 6. HP: 28/28 MP: 10/16
   347 | D        | Found a shimmering blue altar of Sif Muna.
   348 | D        | Found an ornate altar of the Wu Jian Council.
   349 | D        | Found a radiant altar of Vehumet.
   529 | D        | Found Ziofrog's Antique Armour Emporium.
   529 | D        | Found an ancient bone altar of Kikubaaqudgha.
   529 | D        | Found a hazy altar of Hepliaklqana.
   529 | D        | Found a stormy altar of Qazlal.
   529 | D        | Found a hide-covered altar of Uskayaw.
   529 | D        | Found a blossoming altar of Fedhas.
   529 | D        | Found a bloodstained altar of Trog.
   529 | D        | Found an iron altar of Okawaru.
   529 | D        | Found a basalt altar of Yredelemnul.
   529 | D        | Found a glowing golden altar of the Shining One.
   529 | D        | Found a snail-covered altar of Cheibriados.
   529 | D        | Found a sacrificial altar of Ru.
   529 | D        | Found a glowing silver altar of Zin.
   529 | D        | Found a shadowy altar of Dithmenos.
   529 | D        | Found a white marble altar of Elyvilon.
   529 | D        | Noticed a yak
   530 | D        | Found an opulent altar of Gozag.
   531 | D        | Killed a yak
   532 | D        | Reached skill level 16 in Stealth
   532 | D        | Found a sparkling altar of Nemelex Xobeh.
   540 | D        | Became a worshipper of Dithmenos the Shadowed
   559 | D        | Found a burning altar of Makhleb.
   559 | D        | Found a shimmering altar of Xom.
   559 | D        | Noticed a slime creature
   560 | D        | Found a viscous altar of Jiyva.
   560 | D        | Found a corrupted altar of Lugonu.
   562 | D        | Killed a slime creature
   563 | D        | Reached skill level 17 in Stealth
   563 | D        | Reached XP level 7. HP: 32/32 MP: 18/20
   577 | D        | Noticed a kobold demonologist
   578 | D        | Noticed a kobold demonologist
   581 | D        | Reached skill level 10 in Hexes
   589 | D        | Noticed a chaos spawn
   611 | D        | Slain by a chaos spawn

Illustrated notes

Levels and vault maps discovered:
D:        dungeon_sprint_1 [red_sonja_temple_1, red_sonja_temple_small_1]

Skill      XL: |  1  2  3  4  5  6  7 |
---------------+----------------------+-----
Stealth        | 10 14 15 17 | 17.6
Spellcasting   | 6 9 |  9.7
Hexes          | 6 9 10 | 10.0
Short Blades   | |  1.1
Dodging        | |  2.6

Action                   |  1- 3 |  4- 6 |  7- 9 || total
-------------------------+-------+-------+-------++-------
Melee: Dagger            |     6 |     5 |    23 ||    34
 Cast: Ensorcelled Hiber |       |     2 |     1 ||     3
       Confusing Touch   |       |       |     3 ||     3
  Use: Potion            |     1 |       |     2 ||     3
 Stab: Sleeping          |     2 |     4 |     1 ||     7
Armor: Robe              |       |       |     2 ||     2
Dodge: Dodged            |     2 |     1 |    12 ||    15
